 Dungeon Crawl Stone Soup version 0.29.0-4-gdea44cf6ec (webtiles) character file.

Game seed: 17122770893453777479

42 qw the Chopper (level 3, -1/29 HPs)
             Began as a Barachi Chaos Knight on Sept 7, 2022.
             Slain by a goblin
             ... wielding a +0 dagger
             ... led by Robin
              (5 damage)
             ... on level 2 of the Dungeon.
             The game lasted 00:00:46 (1188 turns).

qw the Chopper (Barachi Chaos Knight)               Turns: 1188, Time: 00:00:46

Health: -1/29      AC:  5    Str: 15      XL:     3   Next: 56%
Magic:  3/3        EV: 10    Int: 12      God:
Gold:   86         SH:  0    Dex:  8 (11) Spells: 2/2 levels left

rFire   . . .      SeeInvis .   Y - +0 war axe
rCold   . . .      Faith    .   (no shield)
rNeg    . . .      Spirit   .   a - +0 ring mail
rPois   .          Reflect  .   (no helmet)
rElec   .          Harm     .   (no cloak)
rCorr   .          Rampage  .   (no gloves)
Will    .....                   (no boots)
Stlth   ..........              (no amulet)
HPRegen 0.09/turn               (no ring)
MPRegen 0.08/turn               (no ring)

@: slow
A: amphibious, slowness 1, strong legs 1, +LOS
a: Hop


You were on level 2 of the Dungeon.
You visited 1 branch of the dungeon, and saw 2 of its levels.

You collected 86 gold pieces.


Innate Abilities, Weirdness & Mutations

You are amphibious.
You cover ground slowly.
You can hop short distances.
You have an extended range of vision and can be seen from far away.


   Skills:
 - Level 3.6 Fighting
 + Level 4.9 Axes
 - Level 2.4 Armour
 - Level 1.1 Dodging


You had 2 spell levels left.
You didn't know any spells.
Your spell library was empty.

Inventory:

Hand Weapons
 d - a +0 whip
 Y - a +0 war axe (weapon)
Armour
 a - a +0 ring mail (worn)
Scrolls
 b - a scroll of immolation {unknown}
 g - 2 scrolls of fear {unknown}
 h - a scroll of silence {unknown}
 l - a scroll of identify
Potions
 e - a potion of haste {unknown}
 f - a potion of mutation {unknown}
 j - a potion of resistance {unknown}
 k - a potion of attraction {unknown}
 m - a potion of cancellation
Miscellaneous
 c - a piece from Xom's chessboard (15/15)

Dungeon Overview and Level Annotations

Branches:
Dungeon (2/15)

Altars:

Annotations:
D:2 Robin


Message History

The goblin hits you but does no damage.
Robin says, "My goblins will feast on your bones."
Robin hits you but does no damage. The hobgoblin barely misses you.
The goblin barely misses you.
You slash Robin! You punch Robin, but do no damage.
Robin is severely wounded.
You hit the goblin. You barely miss the hobgoblin. You barely miss the goblin.
The goblin hits you but does no damage. Robin hits you but does no damage.
The goblin closely misses you.
The hobgoblin hits you but does no damage.
You hit Robin but do no damage.
Robin is severely wounded.
You barely miss the goblin. You closely miss the hobgoblin.
You closely miss the goblin. The goblin hits you with a +0 club.
Robin throws the goblin at you! The goblin barely misses you.
The hobgoblin hits you but does no damage.
The hobgoblin closely misses you. The goblin hits you but does no damage.
Robin closely misses you. The goblin misses you.
You hit Robin but do no damage.
Robin is severely wounded.
You closely miss the goblin. You hit the goblin.
You kill the goblin!
You closely miss the hobgoblin.
The hobgoblin no longer looks unusually strong.
Robin hits you with a +0 dagger. The goblin barely misses you.
The hobgoblin barely misses you.
You barely miss Robin.
Robin is heavily wounded.
You hit the goblin but do no damage. You hit the hobgoblin.
The goblin hits you with a +0 dagger. The hobgoblin hits you.
Robin closely misses you.
You hit Robin.
Robin is severely wounded.
You hit the hobgoblin.
You kill the hobgoblin!
You barely miss the goblin. The goblin hits you with a +0 dagger.
Robin barely misses you. Robin completely misses you.
The goblin hits you with a +0 dagger.
You die...

.........# ..#....#
.........# ..#....#
.........# ..#....
.........# ......
.........# #....
.........# #...####
.........#.#####...[..
.........#..$..)g).#
.........#######@#######
............)..))g.......
#######'########.########
#.# #.# #.# #.# #.# #.#
#.# #.# #.# #.# #+# #+#


You could see Robin and a goblin (strong).

Vanquished Creatures
  A dart slug (D:1)
  4 ball pythons
  5 endoplasms (D:1)
  A giant cockroach (D:1)
  5 hobgoblins
  A quokka (D:1)
  4 bats (D:1)
  3 frilled lizards
  8 goblins
  3 kobolds (D:1)
  3 rats
38 creatures vanquished.

Notes
Turn   | Place    | Note
-------+----------+-------------------------------------------
     0 | D:1      | qw the Barachi Chaos Knight began the quest for the Orb.
     0 | D:1      | Reached XP level 1. HP: 18/18 MP: 1/1
     0 | D:1      | 0 ||| qw: Version: 0.1-a-108-g9e35731
     0 | D:1      | 0 ||| qw: Game counter: 6446
     0 | D:1      | 0 ||| qw: Always use a shield: true
     0 | D:1      | 0 ||| qw: God list: Okawaru
     0 | D:1      | 0 ||| qw: Allow faded altars: false
     0 | D:1      | 0 ||| qw: Do Orc after D:15 true
     0 | D:1      | 0 ||| qw: Do second Lair branch before Depths: true
     0 | D:1      | 0 ||| qw: Lair rune preference: random
     0 | D:1      | 0 ||| qw: Plans: Normal
     0 | D:1      | 0 ||| PLANNING D:1-11
     0 | D:1      | Fell from the grace of Xom
    11 | D:1      | 11 ||| Stepping ~*~*~tactically~*~*~ (stealth).
    43 | D:1      | 43 ||| Stepping ~*~*~tactically~*~*~ (stealth).
    51 | D:1      | 51 ||| Stepping ~*~*~tactically~*~*~ (stealth).
    91 | D:1      | 91 ||| Stepping ~*~*~tactically~*~*~ (hiding).
    94 | D:1      | 94 ||| Stepping ~*~*~tactically~*~*~ (hiding).
   122 | D:1      | Reached XP level 2. HP: 24/24 MP: 2/2
   143 | D:1      | Reached skill level 4 in Axes
   182 | D:1      | XOM: torment (13/24 hp)
   354 | D:1      | 354 ||| SWAPPING to +0 war axe.
   362 | D:1      | 362 ||| DROPPING +0 hand axe of chaos.
   536 | D:1      | XOM: stat loss: -3 Dex (8/11)
   621 | D:1      | Found a faded altar of an unknown god.
   642 | D:1      | Reached XP level 3. HP: 26/29 MP: 3/3
   925 | D:1      | 925 ||| UPGRADING to +0 ring mail.
   935 | D:1      | 935 ||| DROPPING +2 leather armour.
   936 | D:1      | 936 ||| DROPPING ring of magical power.
   937 | D:1      | 937 ||| READING scroll labelled KIFAULUNNES.
   938 | D:1      | 938 ||| READING scroll labelled ONINIUMA EMINU.
   939 | D:1      | 939 ||| READING 2 scrolls labelled YDESTR MUUT SONATUN.
   940 | D:1      | 940 ||| READING scroll labelled CAJOTW KIACIBE.
   943 | D:1      | 943 ||| DRINKING 2 black potions.
   982 | D:2      | 982 ||| Stepping ~*~*~tactically~*~*~ (stealth).
  1061 | D:2      | 1061 ||| Stepping ~*~*~tactically~*~*~ (stealth).
  1062 | D:2      | 1062 ||| Stepping ~*~*~tactically~*~*~ (stealth).
  1161 | D:2      | 1161 ||| Stepping ~*~*~tactically~*~*~ (stealth).
  1165 | D:2      | 1165 ||| Stepping ~*~*~tactically~*~*~ (hiding).
  1169 | D:2      | Noticed Robin
  1187 | D:2      | HP: 7/29 [hobgoblin[Robin] (2)]
  1188 | D:2      | Slain by a goblin

Levels and vault maps discovered:
D:1:      psy_arrival_radial01, layout_rooms, chequers_ecumenical_altar_island,
          serial_aquarium, aquarium_bridge_square [aquarium_subvault_window,
          aquarium_subvault_bridge, aquarium_subvault_wall,
          aquarium_subvault_wall], aquarium_window_fake, aquarium_window_1,
          aquarium_window_1, aquarium_view_2g, aquarium_view_2d,
          aquarium_balcony_1a, aquarium_pool_2, minmay_pentomino_x2
D:2:      layout_basic, uniq_jessica, uniq_robin, uniq_natasha

Skill      XL: |  1  2 |
---------------+-------+-----
Axes           | 4 |  4.9
Fighting       | |  3.6
Armour         | |  2.4
Dodging        | |  1.1

Action                   || total
-------------------------++-------
Melee: Hand axe          ||    23
       War axe           ||    73
       Punch             ||     1
Invok: Renounce Religion ||     1
  Use: Scroll            ||     4
       Potion            ||     1
Armor: Leather armour    ||    23
       Ring mail         ||    20
Dodge: Dodged            ||    62

Table legend:
 A = Non-vault XP
 B = Vault XP
 C = Vault XP percentage of total XP
 D = Non-vault monster count
 E = Vault monster count
 F = Vault count percentage of total count
                 A         B        C        D         E       F
            +---------+---------+-------+---------+---------+-------
      Total |      49 |      14 |  22.2 |      30 |       8 |  21.1
            +---------+---------+-------+---------+---------+-------
        D:1 |      37 |       3 |   7.5 |      22 |       2 |   8.3
        D:2 |      12 |      11 |  47.8 |       8 |       6 |  42.9
            +---------+---------+-------+---------+---------+-------
